 Dungeon Crawl Stone Soup version 0.31.0-11-ge490571c62 (webtiles) character file.

Game seed: 16990265832346769751

1841 CraigForest the Grappler (level 8, -7/62 HPs)
             Began as a Purple Draconian Shapeshifter on Feb 4, 2024.
             Was a Follower of Yredelemnul.
             Mangled by a hornet (8 damage)
             ... on level 7 of the Dungeon.
             The game lasted 00:17:54 (5430 turns).

CraigForest the Grappler (DrSh)                     Turns: 5430, Time: 00:17:57

Health: -7/62      AC:  6    Str: 19    XL:     8   Next: 87%
Magic:  8/8        EV: 13    Int: 16    God:    Yredelemnul [*.....]
Gold:   308        SH:  0    Dex: 11    Spells: 6/7 levels left

rFire   . .          .
                       - Unarmed
rCold   . . .        (no shield)
rNeg    . . .        (body armour unavailable)
rPois   .            (helmet currently unavailable)
rElec   .            (cloak currently unavailable)
rCorr   .            (gloves currently unavailable)
SInv    .            (boots currently unavailable)
Will    +....        k - amulet of regeneration
Stlth   ++           o - +6 ring of intelligence
HPRegen 1.10/turn    (no ring)
MPRegen 0.11/turn

%: no passive effects
@: lethally poisoned (-7 -> -8), beast-form, slowed, very slow
A: beast (slay +3), breathe power, AC +6, unfitting armour, cold-blooded
a: Breathe Dispelling Energy, Begin Untransformation, Renounce Religion, Recall
Undead Harvest


You were on level 7 of the Dungeon.
You worshipped Yredelemnul.
Yredelemnul was noncommittal.
You were a hulking beast.
You visited 1 branch of the dungeon, and saw 7 of its levels.
You also visited: Sewer.

You collected 308 gold pieces.

Inventory:

Hand Weapons
 g - a +2 whip of draining
 F - a +1 great sword of venom
 I - a +5 hand axe
 J - a +2 heavy long sword
Missiles
 l - a throwing net
Armour
 K - +0 steam dragon scales
Jewellery
 k - an amulet of regeneration (around neck)
 o - a +6 ring of intelligence (left hand)
 x - a ring of resist corrosion
Talismans
 b - a beast talisman
 c - a flux talisman
 t - a granite talisman
Wands
 E - a wand of paralysis (14)
 H - a wand of roots (14)
Scrolls
 e - 2 scrolls of poison {unknown}
 f - a scroll of enchant weapon {unknown}
 i - 6 scrolls of identify {unknown}
 n - a scroll of noise {unknown}
 p - 3 scrolls of enchant armour {unknown}
 q - a scroll of vulnerability {unknown}
 u - a scroll of revelation {unknown}
 v - a scroll of fog {unknown}
 w - a scroll of amnesia {unknown}
 y - a scroll of silence {unknown}
Potions
 a - 3 potions of lignification
 d - 6 potions of brilliance {unknown}
 h - 6 potions of curing {unknown}
 j - 2 potions of degeneration {unknown}
 m - 2 potions of haste {unknown}
 r - a potion of might {unknown}
 s - 3 potions of heal wounds {unknown}
 z - 2 potions of berserk rage {unknown}
 A - 2 potions of invisibility {unknown}
 B - 3 potions of mutation {unknown}
 C - a potion of resistance {unknown}
 D - a potion of cancellation {unknown}
 G - a potion of ambrosia {unknown}


   Skills:
 + Level 2.9 Fighting
 + Level 3.9 Dodging
 + Level 2.5 Stealth
 * Level 9.4 Unarmed Combat
 + Level 0.2 Spellcasting
 + Level 0.1 Earth Magic
 + Level 0.3 Invocations
 * Level 5.2 Shapeshifting


You had 6 spell levels left.
You knew the following spells:

 Your Spells              Type           Power      Damage    Failure   Level
a - Sandblast             Erth           0%         2d4       24%         1

Your spell library contained the following spells:

 Spells                   Type           Power      Damage    Failure   Level
 Passwall                 Erth           0%         N/A       56%         3
 Stone Arrow              Conj/Erth      0%         3d7       58%         3
 Brom's Barrelling Bould  Conj/Erth      0%         2d3       94%         4


Dungeon Overview and Level Annotations

Branches:
Dungeon (7/15)             Temple (0/1) D:7           Sewer (visited)

Altars:
Dithmenos
Kikubaaqudgha
Yredelemnul

Annotations:
D:7 1 runed translucent door, Crazy Yiuf


Innate Abilities, Weirdness & Mutations

You are a hulking beast.
Your limbs bulge with bestial killing power. (Slay +3)
You can breathe bolts of dispelling energy.
Your rich purple scales are hard. (AC +6)
You cannot fit into any form of body armour.
You are cold-blooded and may be slowed by cold attacks.


Message History

The hornet stings you.
You feel as though you will be slow longer.
Maggie hits the hornet but does no damage.
Your hound zombie closely misses the hornet.
You feel sick.
The hornet stings Maggie.
Your hound zombie misses the hornet.
Maggie barely misses the hornet.
The hornet stings Maggie!
You feel sick.
Your hound zombie closely misses the hornet.
The hornet stings Maggie!!
Maggie hits the hornet but does no damage.
You can move again.
You miss the hornet.
The hornet is almost dead.
You feel sick.
Your hound zombie closely misses the hornet.
The hornet stings you!
* * * LOW HITPOINT WARNING * * *
You are more poisoned.
You feel as though you will be slow longer.
The hornet stings you but does no damage.
Your hound zombie bites the hornet but does no damage.
Your orc zombie closely misses the hornet.
Maggie barely misses the hornet.
You hit the hornet but do no damage.
The hornet is almost dead.
You feel very sick. The hornet misses you.
Your hound zombie bites the hornet.
The hornet closely misses you.
Your orc zombie closely misses the hornet.
Your hound zombie barely misses the hornet.
Maggie barely misses the hornet.
You barely miss the hornet.
The hornet is almost dead.
You feel very sick. The hornet stings you!
* * * LOW HITPOINT WARNING * * *
You feel as though you will be slow longer.
Your hound zombie misses the hornet.
The hornet stings you!
You die...
Your body rises from the dead as a mindless zombie.

...Z..# ...Z..# #.....
...Z..# #..... ##.Z.##
##...=.######## ##.Z.#
............... ....Z#
............... .....#
......Z........ .....#
......Zy....... .....#
......ZhZ......
.....##########.Z.......
#....##.......#.........
#....##.......#.........
#...[.........#.....####
.............[#.....#
ZZZ...........#.....#
###############.....#
....................#


You could see a hornet (ally target), a friendly hound zombie, 3 friendly orc
zombies and the friendly Maggie the human zombie.

Vanquished Creatures
  Maggie (D:7)
  Menkaure (D:7)
  A water moccasin (D:7)
  An ice beast (D:6)
  A black bear (D:6)
  An ogre (D:6)
  2 kobold brigands (Sewer)
  2 bullfrogs
  3 wights (D:7)
  A howler monkey (D:5)
  A bombardier beetle (D:6)
  4 hounds
  A jelly (D:5)
  A sleepcap (D:6)
  An iguana (D:6)
  5 orc wizards
  5 adders
  4 dart slugs
  2 ribbon worms
  19 orcs
  10 ball pythons
  14 endoplasms
  4 giant cockroaches
  3 goblins
  6 hobgoblins
  6 quokkas
  5 bats
  2 frilled lizards
  20 kobolds
  11 rats
138 creatures vanquished.

Vanquished Creatures (collateral kills)
  An orc warrior (D:6)
  An orc (D:7)
  2 ball pythons
  A quokka (D:4)
  A rat (Sewer)
6 creatures vanquished.

Vanquished Creatures (others)
  A bullfrog zombie (D:7)
  A giant cockroach zombie (D:4)
  A quokka zombie (D:4)
  A rat zombie (Sewer)
4 creatures vanquished.

Grand Total: 148 creatures vanquished

Notes
Turn   | Place    | Note
-------+----------+-------------------------------------------
     0 | D:1      | CraigForest the Draconian Shapeshifter began the quest for
                  | the Orb.
     0 | D:1      | Reached XP level 1. HP: 16/16 MP: 1/1
   392 | D:1      | Reached XP level 2. HP: 23/23 MP: 2/2
   881 | D:1      | Reached XP level 3. HP: 28/28 MP: 3/3
   891 | D:1      | Learned a level 1 spell: Sandblast
  1554 | D:3      | Found a faded altar of an unknown god.
  1563 | D:3      | Prayed at the altar of an unknown god.
  1563 | D:3      | Became a worshipper of Yredelemnul the Dark
  1563 | D:3      | Reached * piety under Yredelemnul
  1937 | D:3      | Reached XP level 4. HP: 30/35 MP: 4/4
  1939 | D:3      | Reached ** piety under Yredelemnul
  2201 | D:3      | Reached skill level 4 in Unarmed Combat
  2374 | D:4      | Reached XP level 5. HP: 31/40 MP: 5/5
  2693 | D:4      | Found a basalt altar of Yredelemnul.
  2705 | D:4      | Found a shadowy altar of Dithmenos.
  3273 | D:5      | Entered Level 5 of the Dungeon
  3322 | D:5      | Reached skill level 1 in Stealth
  3322 | D:5      | Reached skill level 5 in Unarmed Combat
  3416 | D:5      | Reached XP level 6. HP: 39/48 MP: 6/6
  3869 | D:6      | Reached skill level 6 in Unarmed Combat
  3906 | D:6      | Found an ancient bone altar of Kikubaaqudgha.
  3936 | D:6      | Found a glowing drain.
  3948 | Sewer    | Entered a sewer
  3978 | Sewer    | Your scales start taking on a rich purple colour.
  3978 | Sewer    | Reached XP level 7. HP: 48/55 MP: 7/7
  4266 | D:6      | Reached skill level 7 in Unarmed Combat
  4496 | D:6      | Reached XP level 8. HP: 44/62 MP: 8/8
  4835 | D:6      | Reached skill level 8 in Unarmed Combat
  5045 | D:7      | Found a staircase to the Ecumenical Temple.
  5087 | D:7      | Noticed Maggie
  5101 | D:7      | Killed Maggie
  5102 | D:7      | Reached skill level 9 in Unarmed Combat
  5102 | D:7      | Reached skill level 5 in Shapeshifting
  5145 | D:7      | Found a runed translucent door.
  5146 | D:7      | Noticed Crazy Yiuf
  5233 | D:7      | Noticed Menkaure
  5240 | D:7      | Killed Menkaure
  5419 | D:7      | Noticed a hornet
  5425 | D:7      | Paralysed by a hornet for 3 turns
  5430 | D:7      | HP: 1/62 [hornet (14)]
  5430 | D:7      | Mangled by a hornet

Illustrated notes

Levels and vault maps discovered:
D:1:      spicycebolla_green_bress_n_ham_2, layout_loops_corners
D:2:      layout_rooms
D:3:      layout_basic, shapermc_ecumenical_altar_starsandcircs
D:4:      layout_cave_pods, jmf_multi_god_temple2,
          nicolae_houndstooth_variations
D:5:      layout_basic
D:6:      layout_basic, nicolae_kikubaaqudgha_miasma_corner,
          cheibrodos_sewer_entry_bend
D:7:      layout_gridville, temple_statues, dk_rats_in_the_wall, uniq_maggie,
          uniq_crazy_yiuf_cottage, uniq_menkaure

Skill      XL: |  1  2  3  4  5  6  7  8 |
---------------+-------------------------+-----
Dodging        | 2 3 |  3.9
Unarmed Combat | 4 5 6 7 9 |  9.4
Stealth        | 1 2 |  2.5
Fighting       | 2 |  2.9
Shapeshifting  | 4 5 |  5.2
Spellcasting   | |  0.2
Earth Magic    | |  0.1
Invocations    | |  0.3

Action                     |  1- 3 |  4- 6 |  7- 9 || total
---------------------------+-------+-------+-------++-------
  Melee: Unarmed           |   142 |   143 |   107 ||   392
         Tailslap          |    10 |    15 |    10 ||    35
         Punch             |     2 |     1 |     4 ||     7
   Cast: Sandblast         |     3 |       |       ||     3
 Invoke: Dark Bargain      |       |       |     1 ||     1
Ability: Breathe Dispellin |       |       |     3 ||     3
   Stab: Sleeping          |     2 |     2 |     2 ||     6
         Distracted        |       |       |     1 ||     1
 Armour: Skin              |    80 |    92 |    69 ||   241
  Dodge: Dodged            |    86 |    67 |    51 ||   204
